[Event "*** Titled Tuesday Blitz"]
[Site "Chess.com"]
[Date "2020.04.28"]
[Round "8"]
[White "BocharovD"]
[Black "Oleksandr_Bortnyk"]
[Result "0-1"]
[WhiteElo "2802"]
[BlackElo "3012"]
[TimeControl "180+1"]
[EndTime "11:35:16 PDT"]
[Termination "Oleksandr_Bortnyk won by checkmate"]

1. c4 d6 2. Nf3 e5 3. Nc3 f5 4. d3 Nf6 5. g3 c6 6. Bg2 Be7 7. O-O O-O 8. b4 Kh8 9. b5 Be6 10. Rb1 Bg8 11. bxc6 bxc6 12. Qa4 Qc7 13. Ba3 a5 14. Rb2 d5 15. Rfb1 Bxa3 16. Qxa3 Nbd7 17.
Rb7 Qd8 18. cxd5 cxd5 19. Nb5 e4 20. Nfd4 e3 21. fxe3 Ng4 22. Nc7 Qg5 23. Qc1 Rac8 24. Qd2 Nc5 25. Ra7 Nxe3 26. Rc1 f4 27. Nf3 Qe7 28.
Nb5 Qf6 29. Nbd4 Ne6 30. Rxc8 Rxc8 31. Nxe6 Qa1+ 32. Ne1 Rc1 33. Kf2 Ng4+ 34. Kf3 Nxh2+ 35. Kxf4 Qf6+ 36. Ke3 Ng4# 0-1

[Event "*** Titled Tuesday Blitz"]
[Site "Chess.com"]
[Date "2020.04.28"]
[Round "8"]
[White "czasnaszachy"]
[Black "DFeco"]
[Result "0-1"]
[WhiteElo "2282"]
[BlackElo "2200"]
[TimeControl "180+1"]
[EndTime "11:35:16 PDT"]
[Termination "DFeco won on time"]

1. d4 d5 2. c4 c6 3. cxd5 cxd5 4. Nc3 Nc6 5. Bf4 Nf6 6. e3 a6 7. Bd3 Bg4 8. f3 Bd7 9. Nge2 e6 10. O-O Be7 11.
e4 dxe4 12. fxe4 O-O 13. Kh1 Qb6 14. d5 Nb4 15. Bb1 exd5 16. exd5 Bg4 17. d6 Rfd8 18. a3 Bxd6 19. Qb3 Be6 20. Qa4 Bxf4 21. Nxf4 Nbd5 22.
Ncxd5 Bxd5 23. Nxd5 Rxd5 24. Ba2 Rd2 25. Qf4 Qxb2 26. Qg3 Rad8 27. Bc4 Qxa1 0-1

[Event "*** Titled Tuesday Blitz"]
[Site "Chess.com"]
[Date "2020.04.28"]
[Round "8"]
[White "Balla_Tamas"]
[Black "Koksik_13"]
[Result "0-1"]
[WhiteElo "2553"]
[BlackElo "2719"]
[TimeControl "180+1"]
[EndTime "11:35:17 PDT"]
[Termination "Koksik_13 won by resignation"]

1. e4 e6 2. d4 d5 3. Nd2 Nf6 4. e5 Nfd7 5. c3 c5 6. f4 Nc6 7. Ndf3 Qb6 8. a3 Be7 9. b4 cxd4 10. cxd4 f6 11. Bd3 Nf8 12. Ne2 Bd7 13. h4 O-O-O 14. h5 Kb8 15. Be3 g5 16. exf6 Bxf6 17. fxg5 Be7 18. Bf4+ Ka8 19. Qd2 e5 20. Nxe5 Nxe5 21.
Bxe5 Rg8 22. g6 hxg6 23. h6 Nh7 24. Bf4 Bf5 25. O-O-O a5 26. b5 Bxa3+ 27. Kb1 Bb4 28. Qc2 Rc8 29. Qb3 Rge8 30. Be5 Bd6 31. Qxd5 Bxe5 32. dxe5 Rc5 33. Qd4 Rd8 34. Bxf5 Rxd4 35. Nxd4 gxf5 36. e6 Rxb5+ 37. Nxb5 Qxb5+ 38. Ka1 Qa4+ 39. Kb1 Qb3+ 40. Ka1 Qxe6 41. Rhe1 Qxh6 42. Re8+ Ka7 43. Red8 Qg7+ 44. Kb1 Qxg2 45. R1d7 Nf6 46. Rf7 Nd5 47. Rxf5 Nc3+ 48. Kc1 Qh1+ 49. Kb2 Qb1+ 50. Kxc3 Qxf5 0-1

[Event "*** Titled Tuesday Blitz"]
[Site "Chess.com"]
[Date "2020.04.28"]
[Round "8"]
[White "Andro2"]
[Black "2L8IWUN"]
[Result "0-1"]
[WhiteElo "2433"]
[BlackElo "2691"]
[TimeControl "180+1"]
[EndTime "11:35:17 PDT"]
[Termination "2L8IWUN won by resignation"]

1. Nf3 d5 2. e3 Nf6 3. b3 e6 4.
Bb2 b6 5. c4 Bb7 6. Be2 a6 7.
O-O Bd6 8. d4 O-O 9. Nbd2 Nbd7 10. Rc1 Re8 11. Ne5 c5 12. Ndf3 Ne4 13. Nd2 Nxd2 14.
Qxd2 Nxe5 15. dxe5 Bc7 16. Rfd1 dxc4 17. Qxd8 Raxd8 18. bxc4 Kf8 19. Kf1 Ke7 20. f3 Bc6 21. Kf2 Ba4 22.
Rxd8 Rxd8 23. Ke1 h6 24. Bd1 Bxd1 25. Rxd1 Rxd1+ 26. Kxd1 Kd7 27. Kc2 Kc6 28. a4 b5 29.
axb5+ axb5 30. Kb3 Ba5 31. e4 Bd2 32. h3 Kb6 33.
Kc2 Bf4 34. Kb3 Ka5 35. Bc3+ b4 36. Bb2 Be3 37. g3 Bd4 38. Bxd4 cxd4 39. f4 d3 40.
g4 Kb6 41. h4 Kc5 42. g5 hxg5 43. fxg5 g6 0-1

[Event "*** Titled Tuesday Blitz"]
[Site "Chess.com"]
[Date "2020.04.28"]
[Round "8"]
[White "mariofs"]
[Black "lifeissofun"]
[Result "1-0"]
[WhiteElo "2219"]
[BlackElo "2324"]
[TimeControl "180+1"]
[EndTime "11:35:17 PDT"]
[Termination "mariofs won by resignation"]

1. d4 Nf6 2. c4 e6 3. g3 Bb4+ 4. Bd2 Be7 5. Bg2 d5 6. Nf3 O-O 7. O-O Nbd7 8. Qc2 Ne4 9. Bf4 g5 10. Bc1 f5 11. Ne5 Ndf6 12. c5 Qe8 13. f3 Nxc5 14. dxc5 Qb5 15. Nd3 Nd7 16. b4 a5 17.
a4 Qc6 18. b5 Bxc5+ 19. Kh1 Qb6 20. Nxc5 Qxc5 21. Qxc5 Nxc5 22. Ba3 b6 23. Rc1 Nb3 24. Bxf8 Nxc1 25. Be7 h6 26. Nc3 Nb3 27. Rd1 Kf7 28.
Ba3 Bb7 29. e4 d4 30. Ne2 Rd8 31. Rd3 Nc5 32. Rxd4 Rxd4 33. Nxd4 fxe4 34. fxe4 Nxa4 35. Ne2 Kf6 36. e5+ Kxe5 37. Bxb7 Kf5 38. Kg2 e5 39.
Bf8 h5 40. h3 Nc5 41. Bxc5 bxc5 42. Nc3 Ke6 43. Kf3 Kd6 44. Bc6 c4 45. Ne4+ Ke6 46. Nc3 Kd6 47. Ke4 Kc5 48. Kxe5 Kb4 49. Kd4 Kb3 50. Bd5 1-0

[Event "*** Titled Tuesday Blitz"]
[Site "Chess.com"]
[Date "2020.04.28"]
[Round "8"]
[White "1977Ivan"]
[Black "Sanan_Sjugirov"]
[Result "0-1"]
[WhiteElo "2642"]
[BlackElo "2853"]
[TimeControl "180+1"]
[EndTime "11:35:18 PDT"]
[Termination "Sanan_Sjugirov won by resignation"]

1. e4 c5 2. Nf3 d6 3. Bb5+ Bd7 4. Bxd7+ Qxd7 5. O-O Nf6 6. Re1 Nc6 7. c3 e6 8. d4 cxd4 9. cxd4 d5 10. e5 Ne4 11.
Nbd2 Nxd2 12. Bxd2 Be7 13. Rc1 O-O 14. Rc3 Rac8 15.
a3 Bd8 16. Rd3 Ne7 17. h4 Nf5 18. h5 h6 19. g4 Nh4 20. Nxh4 Bxh4 21. g5 hxg5 22. Qg4 Rc2 23. Re2 Rfc8 24. Rh3 Kh7 25. h6 g6 26. Bxg5 Rxe2 27. Bxh4 Re1+ 28. Kg2 Qb5 29. Qf4 Qf1+ 30. Kf3 Qxh3+ 0-1

[Event "*** Titled Tuesday Blitz"]
[Site "Chess.com"]
[Date "2020.04.28"]
[Round "8"]
[White "sergiochess83"]
[Black "Barys1974"]
[Result "1-0"]
[WhiteElo "2824"]
[BlackElo "2632"]
[TimeControl "180+1"]
[EndTime "11:35:18 PDT"]
[Termination "sergiochess83 won by resignation"]

1. e4 c5 2. Nf3 d6 3. d4 cxd4 4. Nxd4 Nf6 5. Nc3 a6 6. a4 g6 7. Be2 Bg7 8. Be3 O-O 9. O-O Nc6 10. Qd2 d5 11. Nxc6 bxc6 12. Rfd1 e6 13. a5 Nd7 14.
Na4 Rb8 15. exd5 cxd5 16. c4 dxc4 17. Nb6 Qe7 18. Nxc8 Rfxc8 19. Qxd7 Qxd7 20. Rxd7 Rxb2 21. Bxc4 Rc2 22. Bxa6 Bxa1 23. Bxc8 Rxc8 24. a6 e5 25. a7 Bd4 26. Rb7 Bxe3 27. fxe3 Kg7 28. Rb8 Rc1+ 29.
Kf2 Rc2+ 30. Kg3 1-0

[Event "*** Titled Tuesday Blitz"]
[Site "Chess.com"]
[Date "2020.04.28"]
[Round "8"]
[White "Usurpov"]
[Black "swapchess90"]
[Result "0-1"]
[WhiteElo "2467"]
[BlackElo "2678"]
[TimeControl "180+1"]
[EndTime "11:35:19 PDT"]
[Termination "swapchess90 won by resignation"]

1. e4 c6 2. d4 d5 3. Nc3 dxe4 4. Nxe4 Bf5 5. Ng3 Bg6 6. h4 h6 7. Nf3 Nd7 8. h5 Bh7 9. Bd3 Bxd3 10. Qxd3 e6 11. Bd2 Ngf6 12. Ne4 Be7 13. O-O-O Nxe4 14. Qxe4 Nf6 15. Qd3 c5 16. Kb1 cxd4 17. Qb5+ Qd7 18.
Qxd7+ Nxd7 19. Nxd4 Nf6 20. f3 O-O-O 21. Be3 Rd5 22. g4 Rhd8 23. c4 R5d7 24. Kc2 Rc7 25. b3 a6 26. Kb1 Rcd7 27. Kc2 Bc5 28. Nf5 Bxe3 29. Nxe3 Nh7 30. Rxd7 Rxd7 31. Rd1 Ng5 32. Rf1 Rd4 33. f4 Ne4 34. Rd1 Rxd1 35. Nxd1 f5 36.
gxf5 exf5 37. Kd3 Kd7 38. Kd4 Kd6 39. b4 Ng3 40. c5+ Ke6 41. a4 Nxh5 42. b5 axb5 43.
axb5 Nxf4 44. c6 bxc6 45. bxc6 Kd6 46. c7 Ne6+ 0-1

[Event "*** Titled Tuesday Blitz"]
[Site "Chess.com"]
[Date "2020.04.28"]
[Round "8"]
[White "Andrii_Prydun"]
[Black "TregubovP"]
[Result "1-0"]
[WhiteElo "2365"]
[BlackElo "2498"]
[TimeControl "180+1"]
[EndTime "11:35:19 PDT"]
[Termination "Andrii_Prydun won by checkmate"]

1. d4 Nf6 2. Nc3 d5 3. Bf4 c6 4. e3 Bf5 5. Bd3 Bxd3 6. cxd3 e6 7. Nf3 Nh5 8. Be5 Nd7 9. O-O f6 10. Bg3 Nxg3 11. hxg3 Be7 12. Rb1 O-O 13. b4 b5 14.
a4 a6 15. e4 Qb6 16. Re1 Rfe8 17. Re2 Bf8 18. Qc2 Red8 19. g4 Qb8 20. g5 Qf4 21.
gxf6 Nxf6 22. Qd2 Qxd2 23. Rxd2 dxe4 24. dxe4 bxa4 25. Ra2 a5 26. bxa5 a3 27. Rb6 c5 28.
d5 exd5 29. exd5 Rxa5 30. Ne5 Nxd5 31. Rd2 Nxc3 32. Rxd8 a2 33. Rbb8 a1=Q+ 34. Kh2 g6 35. Rxf8+ Kg7 36. Rf7+ Kh6 37. Rh8 Ne2 38. Rhxh7+ Kg5 39. Nf3+ Kg4 40. Rh4# 1-0

[Event "*** Titled Tuesday Blitz"]
[Site "Chess.com"]
[Date "2020.04.28"]
[Round "8"]
[White "WIDBIFS"]
[Black "avantage_ru"]
[Result "1-0"]
[WhiteElo "2831"]
[BlackElo "2629"]
[TimeControl "180+1"]
[EndTime "11:35:20 PDT"]
[Termination "WIDBIFS won by resignation"]

1. d4 Nf6 2. Nf3 g6 3. g3 Bg7 4.
Bg2 O-O 5. O-O d5 6. c4 dxc4 7. Na3 c3 8. bxc3 c5 9. e3 Nc6 10. Bb2 Bf5 11. Nd2 Rc8 12. Nb3 cxd4 13. cxd4 Nb4 14.
Bxb7 Rc7 15. Bg2 Nd3 16. Qe2 Nxb2 17. Qxb2 e5 18. Rac1 exd4 19. Nxd4 Ng4 20. Nab5 Rd7 21. Qa3 Qg5 22. h3 Ne5 23. Nxf5 Qxf5 24. Nd4 Qd3 25. Qa4 g5 26. Rfd1 Qg6 27. g4 h5 28. Nf5 hxg4 29.
Qxd7 Qh5 30. Ne7+ Kh8 31. hxg4 Qh4 32. Qf5 Nxg4 33. Rc4 Qh2+ 34. Kf1 Nh6 35. Qh3 Qe5 36. Re4 Qb5+ 37. Kg1 g4 38. Qh4 Qb2 39. Nf5 Qe2 40. Rf1 g3 41. Nxh6 1-0

[Event "*** Titled Tuesday Blitz"]
[Site "Chess.com"]
[Date "2020.04.28"]
[Round "8"]
[White "sergeikim"]
[Black "Dr_Thomas_Quilter"]
[Result "1-0"]
[WhiteElo "2420"]
[BlackElo "2196"]
[TimeControl "180+1"]
[EndTime "11:35:20 PDT"]
[Termination "sergeikim won by resignation"]

1. d4 d5 2. c4 e6 3. Nc3 Nf6 4. Nf3 a6 5. cxd5 exd5 6. Bg5 Be6 7. e3 Nbd7 8. Bd3 h6 9. Bh4 g5 10. Bg3 Nh5 11. O-O Nxg3 12. fxg3 Bg7 13. e4 Nb6 14. e5 Qd7 15. Rc1 O-O 16. Bb1 Nc4 17.
Qc2 f5 18. Qe2 c5 19. dxc5 Qc7 20. b3 Qxc5+ 21. Kh1 Ne3 22. Na4 Qa7 23. Rfe1 Ng4 24. Nc5 Rae8 25. h3 Bc8 26. hxg4 fxg4 27. Qd3 gxf3 28. Qh7+ Kf7 29. Bg6+ Ke7 30. Qxg7+ Kd8 31.
Bxe8 fxg2+ 32. Kxg2 Kxe8 33. e6 b6 34. Qxa7 bxc5 35.
Qc7 1-0

[Event "*** Titled Tuesday Blitz"]
[Site "Chess.com"]
[Date "2020.04.28"]
[Round "8"]
[White "GM_LOADING"]
[Black "dpopadic"]
[Result "1-0"]
[WhiteElo "2615"]
[BlackElo "2359"]
[TimeControl "180+1"]
[EndTime "11:35:23 PDT"]
[Termination "GM_LOADING won by checkmate"]

1. e4 c5 2. Nf3 Nc6 3. d4 cxd4 4. Nxd4 Nf6 5. Nc3 e5 6. Ndb5 d6 7. Bg5 a6 8. Na3 b5 9. Bxf6 gxf6 10. Nd5 Bg7 11.
c3 f5 12. exf5 Bxf5 13. Nc2 O-O 14. Nce3 Bd7 15. Bd3 f5 16. Qh5 e4 17. Bc2 Ne5 18. O-O Be8 19. Qh3 Bd7 20. Nf4 Rf6 21. Nh5 Rg6 22.
Nxf5 Nf3+ 23. Kh1 Ng5 24. Qg4 Nf7 25. Qxe4 Re6 26. Qd3 Ne5 27. Qd1 Bf8 28. Bb3 Qg5 29. f4 Qxf5 30. fxe5 Qxe5 31. Nf6+ Kh8 32. Nxd7 Qe4 33.
Bxe6 Qxe6 34. Nxf8 Qh6 35. Qd4+ Kg8 36. Nd7 Rd8 37.
Nf6+ Kf7 38. Rae1 Qg6 39. Nd5+ Kg8 40. Ne7# 1-0

[Event "*** Titled Tuesday Blitz"]
[Site "Chess.com"]
[Date "2020.04.28"]
[Round "8"]
[White "fidezivkovic"]
[Black "GracefulYear"]
[Result "1-0"]
[WhiteElo "2315"]
[BlackElo "2439"]
[TimeControl "180+1"]
[EndTime "11:35:23 PDT"]
[Termination "fidezivkovic won by checkmate"]

1. e4 g6 2. d4 Bg7 3. Nc3 c6 4. f4 d5 5. e5 h5 6. Nf3 Bg4 7. Be3 e6 8. Be2 Ne7 9. Qd2 Nd7 10. O-O-O Nb6 11. Bf2 Bxf3 12. Bxf3 Nc4 13. Qe2 Qb6 14.
b3 Qa5 15. Nb1 Na3 16. Be1 Qb6 17. Nxa3 Nf5 18. Bf2 a5 19. Qd2 a4 20. b4 Bf8 21.
c3 Qc7 22. g3 b6 23. Kb1 c5 24.
Nb5 Qc6 25. Nd6+ Nxd6 26. exd6 Bxd6 27. dxc5 bxc5 28. c4 Rb8 29. cxd5 Qa6 30. dxe6 Rxb4+ 31. Ka1 Ke7 32. exf7 Rd8 33. Rhe1+ Kf8 34. Qc3 Kxf7 35. Bd5+ Kf8 36. Qh8# 1-0

[Event "*** Titled Tuesday Blitz"]
[Site "Chess.com"]
[Date "2020.04.28"]
[Round "8"]
[White "Andreikka"]
[Black "Trankuilizer"]
[Result "1-0"]
[WhiteElo "2960"]
[BlackElo "2520"]
[TimeControl "180+1"]
[EndTime "11:35:25 PDT"]
[Termination "Andreikka won on time"]

1. c4 Nf6 2. Nc3 g6 3. e4 d6 4.
d4 Bg7 5. Nf3 O-O 6. Be2 Nbd7 7.
O-O e5 8. Be3 c6 9. Re1 Re8 10. d5 c5 11. Nd2 Rf8 12. a3 Ne8 13.
b4 b6 14. g4 Qh4 15. f3 Bh6 16. Bf2 Qe7 17. h4 Bf4 18. Bd3 Kh8 19. Ne2 Bh6 20.
Nf1 Bg7 21. Qd2 Ndf6 22. Neg3 Ng8 23. h5 Bh6 24. Qb2 Ng7 25. hxg6 fxg6 26. Kg2 Bf4 27.
Nh2 Qg5 28. Rh1 Rf7 29. Nhf1 Bxg4 30. fxg4 Raf8 31. Qe2 Nf6 32. Bg1 Nxg4 33. Rh3 h5 34.
Kh1 Kg8 35. Qg2 Bxg3 36. Rxg3 Rf2 37. Bxf2 Rxf2 38. Rxg4 Rxg2 39. Rxg5 Rxg5 40. bxc5 dxc5 41. a4 Rg4 42. a5 Rf4 43. axb6 axb6 44. Ra8+ Kh7 45.
Rb8 Rf6 46. Kg2 g5 47. Be2 g4 48. Ng3 1-0

[Event "*** Titled Tuesday Blitz"]
[Site "Chess.com"]
[Date "2020.04.28"]
[Round "8"]
[White "TheCount"]
[Black "UmutErdemGunduz"]
[Result "0-1"]
[WhiteElo "2603"]
[BlackElo "2427"]
[TimeControl "180+1"]
[EndTime "11:35:25 PDT"]
[Termination "UmutErdemGunduz won on time"]

1. d4 Nf6 2. Bf4 e6 3. Nd2 c5 4.
e3 Be7 5. Ngf3 O-O 6. h3 b6 7.
Be2 Bb7 8. O-O d6 9. c3 a6 10. a4 Nbd7 11. Qb1 Rc8 12. Rc1 Rc7 13. Bh2 Qa8 14. b4 cxb4 15. cxb4 Rfc8 16. Qb2 a5 17. Rxc7 Rxc7 18. Nc4 Ne4 19. bxa5 bxa5 20. Rb1 Bd5 21. Na3 Nc3 22. Nb5 Nxe2+ 23. Qxe2 Rc6 24. e4 Bxe4 25. Qxe4 Rc1+ 26. Rxc1 Qxe4 27. Bxd6 Bxd6 28. Nxd6 Qd5 29. Rc8+ Nf8 30. Nb5 g6 31. Ne5 f6 32. Nc7 Qb7 0-1

[Event "*** Titled Tuesday Blitz"]
[Site "Chess.com"]
[Date "2020.04.28"]
[Round "8"]
[White "Ranindu2003"]
[Black "MichailovM"]
[Result "0-1"]
[WhiteElo "2525"]
[BlackElo "2409"]
[TimeControl "180+1"]
[EndTime "11:35:26 PDT"]
[Termination "MichailovM won by resignation"]

1. e4 e6 2. d4 d5 3. Nd2 Nf6 4. e5 Nfd7 5. Bd3 c5 6. c3 Nc6 7.
Ne2 cxd4 8. cxd4 f6 9. exf6 Nxf6 10. Nf3 Bd6 11. O-O Qc7 12. Bg5 O-O 13. a3 Nh5 14. Nc3 a6 15. Rc1 Nf4 16. Bxf4 Bxf4 17. Rb1 g6 18. Ne2 Qg7 19. Re1 Bd6 20. Bc2 Bd7 21.
Ng3 Rf4 22. Ba4 b5 23. Bb3 Nxd4 24. Nxd4 Qxd4 25. Qe2 Raf8 26. Rf1 Bc5 27. Nh1 Re4 28. Qc2 a5 29. Rbd1 Qe5 30. Qxc5 a4 31. Ba2 Re2 32. Ng3 Rxb2 33. Rfe1 Qf6 34. Re2 Rxe2 35. Nxe2 Rc8 36.
Qb4 Rc2 37. Bb1 Rxe2 38. Qc5 Qe5 39. Qa7 Re1+ 0-1

[Event "*** Titled Tuesday Blitz"]
[Site "Chess.com"]
[Date "2020.04.28"]
[Round "8"]
[White "andy_rekt"]
[Black "Blitzking642"]
[Result "1/2-1/2"]
[WhiteElo "2205"]
[BlackElo "2304"]
[TimeControl "180+1"]
[EndTime "11:35:26 PDT"]
[Termination "Game drawn by repetition"]

1. d4 Nf6 2. c4 g6 3. Nc3 d5 4. Bf4 Bg7 5. e3 O-O 6. Rc1 c6 7.
c5 Re8 8. h3 Nbd7 9. Nf3 Nh5 10. Bh2 e5 11. dxe5 Nxe5 12. g4 Nxf3+ 13. Qxf3 Nf6 14.
Bg2 Ne4 15. Nxe4 dxe4 16. Qe2 Qf6 17. Rc2 Be6 18. b3 Qa1+ 19. Qd1 Qxd1+ 20. Kxd1 f5 21. gxf5 gxf5 22. Ke2 a5 23. Rd1 Bd5 24. h4 a4 25.
bxa4 Rxa4 26. Rdd2 Rea8 27. Bh3 Be6 28. Kf1 Kf7 29.
Bf4 Bf8 30. Be5 R4a5 31. Bd4 Be7 32. f3 Bxh4 33. fxe4 fxe4 34. Bxe6+ Kxe6 35. Rh2 Be7 36. Rh6+ Kd5 37. Rh5+ Ke6 38. Rh6+ Kd5 39. Rh5+ Ke6 40.
Rh6+ 1/2-1/2

[Event "*** Titled Tuesday Blitz"]
[Site "Chess.com"]
[Date "2020.04.28"]
[Round "8"]
[White "Zhani-Z"]
[Black "VqquyenCFT"]
[Result "1-0"]
[WhiteElo "2493"]
[BlackElo "2235"]
[TimeControl "180+1"]
[EndTime "11:35:27 PDT"]
[Termination "Zhani-Z won by resignation"]

1. e4 c5 2. Nf3 d6 3. d4 cxd4 4.
Nxd4 Nf6 5. f3 g6 6. c4 Bg7 7. Nc3 O-O 8. Be3 Nc6 9. Qd2 Bd7 10. Be2 Rc8 11. O-O a6 12. Rac1 Nxd4 13. Bxd4 Bc6 14.
Rfd1 Nd7 15. Be3 Qc7 16. b4 Nf6 17. a4 Bd7 18. a5 Be6 19. Nd5 Bxd5 20. exd5 Qd7 21.
Bf1 h5 22. Re1 Qa4 23. g3 Rfe8 24. Bh3 Qb3 25. Bxc8 Rxc8 26. Rb1 Qa4 27. Rec1 Nd7 28. Bd4 Ne5 29. Bxe5 Bxe5 30. Kg2 Qa3 31. Qe2 Bc3 32. Qd3 Bxb4 33. Qxa3 Bxa3 34. Rc3 Rc7 35. Rxa3 Rxc4 36. Rxb7 Kf8 37. Re3 e5 38. dxe6 fxe6 39. Rxe6 Rc2+ 40. Kh3 1-0

[Event "*** Titled Tuesday Blitz"]
[Site "Chess.com"]
[Date "2020.04.28"]
[Round "8"]
[White "GMStefanova"]
[Black "Alohamora11"]
[Result "1-0"]
[WhiteElo "2704"]
[BlackElo "2524"]
[TimeControl "180+1"]
[EndTime "11:35:28 PDT"]
[Termination "GMStefanova won by resignation"]

1. Nf3 c5 2. g3 g6 3. c3 Bg7 4. d4 cxd4 5. cxd4 d5 6. Nc3 Nc6 7. Bg2 Nf6 8. Ne5 O-O 9. Nxc6 bxc6 10. O-O a5 11. Na4 Nd7 12. b3 e6 13. Ba3 Re8 14. Rc1 Bb7 15. e3 Rc8 16. f4 Ba6 17. Rf2 Bb5 18. Nc5 Nxc5 19. Bxc5 f6 20. e4 dxe4 21.
Bxe4 e5 22. dxe5 fxe5 23. f5 Qxd1+ 24. Rxd1 gxf5 25. Rxf5 Rcd8 26. Re1 Bd3 27. Bb6 Bxe4 28. Rxe4 Rd1+ 29. Rf1 Rd5 30. Rc1 Re6 31. a4 Rd3 32. Bxa5 Rxb3 33. Rc5 Ra3 34. Bc7 Kf7 35. a5 Bf8 36.
Rcxe5 Bc5+ 37. Kg2 Ra2+ 38. Kh3 Rh6+ 39. Kg4 Rg6+ 40.
Rg5 Be7 41. Rxg6 hxg6 42. h4 c5 43. Bb6 Rc2 44. a6 Ra2 45. a7 Ra6 46. h5 gxh5+ 47. Kxh5 Ke8 48. Bxc5 Ra5 49. Rxe7+ Kd8 50. Re5 1-0

[Event "*** Titled Tuesday Blitz"]
[Site "Chess.com"]
[Date "2020.04.28"]
[Round "8"]
[White "Frogo47"]
[Black "vohiraa"]
[Result "1-0"]
[WhiteElo "2492"]
[BlackElo "2218"]
[TimeControl "180+1"]
[EndTime "11:35:28 PDT"]
[Termination "Frogo47 won by checkmate"]

1. e4 c5 2. Nf3 d6 3. d4 cxd4 4. Nxd4 Nf6 5. Nc3 a6 6. Bg5 e6 7. f4 h6 8. Bh4 Qb6 9. a3 Be7 10. Bf2 Qc7 11. Qf3 Nbd7 12. O-O-O b5 13. g4 g5 14. h4 gxf4 15. g5 hxg5 16. hxg5 Rxh1 17. Qxh1 Ng4 18. g6 fxg6 19. Nxe6 Qb7 20. Nd5 Nf8 21.
Nec7+ Kd8 22. Bb6 Rb8 23. Ba5 Ne3 24. Nxe7 Kxe7 25. Qh8 Be6 26. Qg7+ Bf7 27. e5 Qe4 28. Qf6+ Kd7 29. Rxd6+ Kc8 30. Rd8+ Kb7 31. Qb6# 1-0

[Event "*** Titled Tuesday Blitz"]
[Site "Chess.com"]
[Date "2020.04.28"]
[Round "8"]
[White "Chichin_chao"]
[Black "Zq1"]
[Result "0-1"]
[WhiteElo "2362"]
[BlackElo "2570"]
[TimeControl "180+1"]
[EndTime "11:35:28 PDT"]
[Termination "Zq1 won by resignation"]

1. e4 c5 2. Nf3 d6 3. c3 Nf6 4. h3 g6 5. Bd3 Bg7 6. Bc2 O-O 7. O-O Nc6 8. d4 e5 9. Be3 exd4 10.
cxd4 cxd4 11. Nxd4 Re8 12. Nc3 Nxd4 13. Bxd4 Be6 14. Re1 a6 15. Rc1 Rc8 16. Bb3 b5 17. a3 Bxb3 18. Qxb3 Rc4 19. Rcd1 Qc8 20. Bxf6 Bxf6 21.
Nd5 Qd8 22. f3 Be5 23. Re2 Qh4 24. Ne3 Rd4 25. Nf1 Qf6 26. Red2 Rc8 27. Qe3 Rxd2 28. Qxd2 Bxb2 29. Ne3 Bxa3 30. Ng4 Qc3 31. Qg5 Bb2 32. e5 Qc5+ 33. Kh1 Bxe5 34. f4 Bg7 35. Qe7 d5 36. f5 Qxe7 0-1

[Event "*** Titled Tuesday Blitz"]
[Site "Chess.com"]
[Date "2020.04.28"]
[Round "8"]
[White "bmt011"]
[Black "tufferguy"]
[Result "0-1"]
[WhiteElo "2055"]
[BlackElo "2376"]
[TimeControl "180+1"]
[EndTime "11:35:28 PDT"]
[Termination "tufferguy won by checkmate"]

1. d4 d5 2. Bf4 Bf5 3. c4 e6 4.
Qb3 Nc6 5. e3 Na5 6. Qa4+ c6 7.
Nd2 Nxc4 8. Nxc4 dxc4 9. Bxc4 b5 10. Qa6 Bb4+ 11. Ke2 bxc4 12. Qxc4 Be7 13. Qxc6+ Kf8 14. Nf3 Rc8 15. Qb7 Rc2+ 16. Kd1 Nf6 17. Nd2 Rc8 18.
Qxa7 h6 19. Ke2 g5 20. Be5 Kg7 21. Rac1 Qd5 22. f3 Qb5+ 23. Kf2 Rxc1 24. Rxc1 Qxb2 25.
Rd1 Re8 26. Qa4 Qc2 27. Qxe8 Qxd1 28. Qxe7 Qxd2+ 29. Kg3 Qe1# 0-1

[Event "*** Titled Tuesday Blitz"]
[Site "Chess.com"]
[Date "2020.04.28"]
[Round "8"]
[White "top_bu_tz"]
[Black "Vamostodorecto"]
[Result "0-1"]
[WhiteElo "2123"]
[BlackElo "2443"]
[TimeControl "180+1"]
[EndTime "11:35:28 PDT"]
[Termination "Vamostodorecto won by resignation"]

1. e4 e5 2. Nf3 Nc6 3. Bc4 Bc5 4. c3 d6 5. O-O h6 6. h3 Qf6 7. d3 Nge7 8. Be3 g5 9. d4 Bb6 10. d5 Nb8 11. a4 a5 12. Bxb6 cxb6 13. Bb5+ Kf8 14.
Nh2 h5 15. Qf3 Qg7 16. Nd2 g4 17. hxg4 hxg4 18. Qg3 Qh6 19. f4 Ng6 20. fxe5 Nxe5 21.
Rf4 Ng6 22. Rf2 Ne5 23. Raf1 Bd7 24. Nc4 Bxb5 25. Nxe5 Bxf1 26. Nxf7 Qxh2+ 27. Qxh2 Rxh2 28. Nxd6+ Ke7 29. Nf5+ Kd8 30. Kxh2 Bd3 31. e5 Nd7 32. e6 Nc5 33. Ne3 Ke7 34. Rf7+ Kd6 35. Rd7+ Nxd7 0-1

[Event "*** Titled Tuesday Blitz"]
[Site "Chess.com"]
[Date "2020.04.28"]
[Round "8"]
[White "Alexandercs432"]
[Black "LuisFSiles"]
[Result "0-1"]
[WhiteElo "2115"]
[BlackElo "2297"]
[TimeControl "180+1"]
[EndTime "11:35:29 PDT"]
[Termination "LuisFSiles won on time"]

1. e4 c5 2. Nf3 d6 3. Bb5+ Nd7 4. c3 Nf6 5. Qe2 g6 6. O-O Bg7 7. Rd1 O-O 8. Ba4 Ne5 9. h3 b6 10. Bc2 Bb7 11. d4 Nxf3+ 12. Qxf3 cxd4 13. cxd4 Rc8 14. Nc3 b5 15. a3 a5 16. Bb3 b4 17. axb4 axb4 18. Nd5 Nxd5 19. Bxd5 Qb6 20. Bxb7 Qxb7 21. Be3 Rc2 22. Rab1 f5 23. exf5 Qxf3 24. gxf3 Rxf5 25. Kg2 Rd5 26. Rd3 e5 27. Rb3 exd4 28. Bf4 Rc4 29. Rd1 d3 30. Bd2 Rdd4 31. Be3 Rd5 32. Bd2 Rb5 33.
Rxd3 Bxb2 34. Rxd6 Rf5 35. Rd7 Rf7 36. Bh6 Bg7 37. Rd8+ Rf8 0-1

[Event "*** Titled Tuesday Blitz"]
[Site "Chess.com"]
[Date "2020.04.28"]
[Round "8"]
[White "Alexander_Zubov"]
[Black "Bubi6"]
[Result "1-0"]
[WhiteElo "2852"]
[BlackElo "2645"]
[TimeControl "180+1"]
[EndTime "11:35:30 PDT"]
[Termination "Alexander_Zubov won on time"]

1. d4 Nf6 2. Nf3 e6 3. c4 c5 4. d5 b5 5. Bg5 Qa5+ 6. Bd2 Qb6 7. Nc3 exd5 8. Nxd5 Nxd5 9. cxd5 d6 10. e4 Be7 11. a4 b4 12. Be3 O-O 13. Nd2 Ba6 14. Bxa6 Qxa6 15. Qe2 Qc8 16. Nc4 Nd7 17. a5 Qc7 18. O-O b3 19. f4 Bf6 20. Qd3 Rfe8 21.
Kh1 Rab8 22. Rfe1 Rb4 23. Bd2 Rbb8 24. Be3 Rb4 25. Re2 Bd4 26. Rae1 Nf6 27. Bd2 Rbb8 28. Bc3 Bxc3 29. Qxc3 Qd7 30. h3 h6 31. Qd3 Rb4 32. Kh2 Qb5 33. Rc1 Qd7 34. Rc3 Reb8 35. Rd2 h5 36. e5 dxe5 37. fxe5 Nh7 38. Qe3 Qf5 39. e6 fxe6 40. dxe6 Nf6 41. e7 1-0

[Event "*** Titled Tuesday Blitz"]
[Site "Chess.com"]
[Date "2020.04.28"]
[Round "8"]
[White "shyam"]
[Black "TargetA"]
[Result "1-0"]
[WhiteElo "2700"]
[BlackElo "2502"]
[TimeControl "180+1"]
[EndTime "11:35:31 PDT"]
[Termination "shyam won by resignation"]

1. d4 d5 2. Nc3 Nf6 3. Bf4 g6 4. e3 Bg7 5. h4 c5 6. h5 cxd4 7. exd4 Nxh5 8. Rxh5 gxh5 9. Qxh5 Nc6 10. O-O-O e6 11. Nb5 O-O 12. Bd3 f5 13. Nf3 a6 14.
Rh1 axb5 15. Qxh7+ Kf7 16. Ng5+ Kf6 17. Be5+ Nxe5 18.
dxe5+ Kxe5 19. Qxg7+ Kd6 20. f4 Qf6 21. Qxf6 Rxf6 22.
Rh8 b6 23. a3 b4 24. axb4 Bb7 25. Rh7 Rb8 26. Nf7+ Rxf7 27. Rxf7 d4 28. Rg7 Be4 29. Kd2 Rc8 30. c3 dxc3+ 31. bxc3 e5 32. Rg6+ Ke7 33. Bxe4 fxe4 34. fxe5 Rc4 35. Rxb6 e3+ 36. Kxe3 Rxc3+ 37. Kf4 Rc4+ 38. Kf5 Rc2 39. Rb7+ 1-0

[Event "*** Titled Tuesday Blitz"]
[Site "Chess.com"]
[Date "2020.04.28"]
[Round "8"]
[White "JessPinkman"]
[Black "Michaelson_11"]
[Result "1-0"]
[WhiteElo "2486"]
[BlackElo "2006"]
[TimeControl "180+1"]
[EndTime "11:35:31 PDT"]
[Termination "JessPinkman won by resignation"]

1. e4 c5 2. Nf3 Nc6 3. d4 cxd4 4. Nxd4 g6 5. c4 Nf6 6. Nc3 d6 7. f3 Nxd4 8. Qxd4 Bg7 9. Be3 O-O 10. Qd2 Qa5 11.
Bd3 Be6 12. O-O Rfc8 13. b3 Ng4 14. fxg4 Bxc3 15. Qe2 Bxa1 16. Rxa1 Qc3 17. Rd1 Qe5 18. Bb1 a6 19. Bd4 Qg5 20. h3 b5 21. cxb5 axb5 22. Be3 Qe5 23. Bd4 Qg5 24. Be3 Qe5 25. Qf2 Rc6 26. Bd4 Qg5 27. Be3 Qe5 28. Qh4 Qf6 29.
g5 Qb2 30. Bd4 Rc1 31. Bxb2 Rxd1+ 32. Kh2 Rxb1 33. Bd4 Kf8 34. Qxh7 1-0